Map: 뉴 리퍼그넌시 - 래더

Players

dark - Winner!

  • Race: Zerg Zerg
  • Spawn Location: 1:00

Lambo

  • Race: Zerg Zerg
  • Spawn Location: 7:00

Event: IEM Season 13: Katowice (2019)

VOD

Have the link to the VOD?

Description

Time

  • Played on: Feb. 28, 2019, 10:52 a.m.
  • Length: 3:40

All games in this series

Show
View Real Time Build Order
Export as new Build Order

dark Zerg - Winner!

Build Orders: 1 Base Baneling Bust, Pool Only, Zergling Baneling 

Get SALT Encoding   

  12  0:08  Extractor  
  11  0:20  Spawning Pool  
  10  0:25  Drone  
  11  0:30  Drone  
  12  0:35  Drone  
  13  0:49  Overlord  
  13  1:07  Zergling x2  
  13  1:08  Zergling x4  
  16  1:14  Metabolic Boost  
  16  1:20  Zergling x2  
  17  1:30  Zergling x2  
  18  1:35  Baneling Nest  
  17  1:40  Zergling x2  
  18  1:51  Zergling x2  
  19  1:59  Queen  
  21  2:19  Baneling x2  
  21  2:21  Zergling x2  
  22  2:23  Overlord  
  20  2:37  Zergling x2  
  20  2:42  Zergling x2  
  22  2:45  Baneling x2  
  22  2:48  Zergling x2  
  23  2:56  Zergling x2  
  22  3:10  Zergling x4  
  22  3:11  Baneling  
  22  3:12  Baneling  
  24  3:17  Zergling x4  
  24  3:18  Baneling  
  24  3:19  Baneling  
  26  3:22  Zergling x2  
Show
View Real Time Build Order
Export as new Build Order

Lambo Zerg 

Build Orders: Hatch First 

Get SALT Encoding   

  12  0:00  Drone  
  13  0:12  Overlord  
  13  0:17  Drone  
  14  0:31  Drone x2  
  16  0:47  Hatchery  
  15  0:51  Drone  
  15  0:55  Drone  
  17  0:58  Drone  
  18  1:08  Extractor  
  17  1:14  Spawning Pool  
  17  1:17  Drone  
  17  1:21  Drone  
  18  1:27  Drone  
  19  2:00  Zergling x6  
  23  2:01  Zergling x2  
  23  2:14  Zergling x4  
  25  2:16  Queen x2  
  28  2:26  Spine Crawler  
  21  2:40  Zergling x2  
  17  2:50  Zergling x4  
  18  2:55  Zergling x2  
  15  3:07  Drone x2  
  17  3:16  Drone  
  17  3:19  Drone  
  18  3:26  Drone  

Tags
 
Add a new tag
Caveats
  • Supply blocks, unpowered buildings, or Contaminate may cause inaccurate times.
  • Supply counts are checked every 10 seconds.